 Dungeon Crawl Stone Soup version 0.24.0-37-gcf1ca852f1 (webtiles) character file.

Game seed: 15386844616360010511, levelgen mode: deterministic

33 FishyPogo the Ducker (level 3, -10/28 HPs)
             Began as a Demonspawn Gladiator on Dec 8, 2019.
             Mangled by an iguana (12 damage)
             ... on level 2 of the Dungeon.
             The game lasted 00:02:48 (771 turns).

FishyPogo the Ducker (Demonspawn Gladiator)          Turns: 771, Time: 00:02:48

Health: -10/28     AC:  4    Str: 15    XL:     3   Next: 12%
Magic:  3/3        EV: 13    Int: 14    God:
Gold:   27         SH:  0    Dex: 14    Spells: 2/2 levels left

rFire    . . .     SeeInvis .   a - +0 long sword
rCold    + . .     Gourm    .   (no shield)
rNeg     . . .     Faith    .   b - +0 leather armour
rPois    .         Spirit   .   c - +0 helmet
rElec    .         Reflect  .   (no cloak)
rCorr    .         Harm     .   (no gloves)
MR       .....                  (no boots)
Stlth    +.........             (no amulet)
HPRegen  0.09/turn              (no ring)
MPRegen  0.08/turn              (no ring)

@: brilliant
A: cold resistance 1, freezing cloud immunity
a: no special abilities


You were on level 2 of the Dungeon.
You were not hungry.

You visited 1 branch of the dungeon, and saw 2 of its levels.

You collected 27 gold pieces.

Inventory:

Hand Weapons
 a - a +0 long sword (weapon)
Missiles
 d - 3 throwing nets
 e - 53 stones (quivered)
Armour
 b - a +0 leather armour (worn)
 c - a +0 helmet (worn)
Scrolls
 g - a scroll of remove curse {unknown}
 k - 2 scrolls of enchant weapon {unknown}
 m - a scroll of magic mapping {unknown}
 o - a scroll of identify {unknown}
 p - a scroll of amnesia {unknown}
Potions
 i - a potion of mutation {unknown}
 l - a potion of lignification {unknown}
 n - a potion of curing {unknown}
Comestibles
 f - 2 rations
 j - 4 chunks of flesh


   Skills:
 * Level 2.5 Fighting
 + Level 2.9 Long Blades
 + Level 2.0 Throwing
 + Level 0.5 Armour
 * Level 3.1 Dodging


You had 2 spell levels left.
You didn't know any spells.
Your spell library was empty.

Dungeon Overview and Level Annotations

Branches:
Dungeon (2/15)

Altars:

Annotations:
D:2 Sigmund


Innate Abilities, Weirdness & Mutations

Your flesh is cold resistant. (rC+)
You are immune to freezing clouds.


Message History

The adder is moderately wounded.
The adder completely misses you.
You slash the adder!
You kill the adder!
You have reached level 3!
Your experience leads to an increase in your attributes!
Increase (S)trength, (I)ntelligence, or (D)exterity?
You feel stronger.
Your demonic ancestry asserts itself...
You feel less concerned about cold.
An iguana comes into view.
The helpless iguana fails to defend itself.
You hit the iguana but do no damage. The iguana bites you.
You hit the iguana.
The iguana is moderately wounded.
The iguana bites you!
* * * LOW HITPOINT WARNING * * *
It was a potion of brilliance.
You feel clever all of a sudden. The iguana bites you!
You die...

# ###########.#
..........#.#
#...l@....#
#.#####.########
................
#.#####.########
#<# ### # . #
#?### #.# #.#..


You could see an iguana.

Vanquished Creatures
  An adder (D:2)
  2 leopard geckos (D:1)
  3 bats (D:1)
  2 giant cockroaches (D:1)
  A goblin (D:1)
  4 hobgoblins (D:1)
  4 kobolds (D:1)
  2 frilled lizards (D:1)
  A rat (D:1)
20 creatures vanquished.

Notes
Turn   | Place    | Note
-------+----------+-------------------------------------------
     0 | D:1      | FishyPogo the Demonspawn Gladiator began the quest for the
                  | Orb.
     0 | D:1      | Reached XP level 1. HP: 16/16 MP: 1/1
   140 | D:1      | Gained mutation: Your flesh is cold resistant. (rC+)
                  | [demonic ancestry]
   140 | D:1      | Reached XP level 2. HP: 18/22 MP: 2/2
   418 | D:1      | Reached skill level 3 in Dodging
   676 | D:2      | Noticed Sigmund
   763 | D:2      | Gained mutation: You are immune to freezing clouds.
                  | [demonic ancestry]
   763 | D:2      | Reached XP level 3. HP: 17/28 MP: 3/3
   771 | D:2      | Mangled by an iguana

Levels and vault maps discovered:
D:1:      dpeg_arrival_water_temple_mockup, layout_basic
D:2:      layout_basic, uniq_sigmund

Skill      XL: |  1  2 |
---------------+-------+-----
Dodging        | 3 |  3.1
Throwing       | 2 |  2.0
Fighting       | |  2.5
Long Blades    | |  2.9
Armour         | |  0.5

Action                   || total
-------------------------++-------
Melee: Long sword        ||    70
Throw: Stone             ||     6
  Use: Potion            ||     1
 Stab: Sleeping          ||     2
Armor: Leather armour    ||    31
Dodge: Dodged            ||    69
       Rpst.: Long sword ||    19
